 Dungeon Crawl Stone Soup version 0.13.0 (webtiles) character file.

265 Chiseanne the Ducker (level 5, -6/40 HPs)
             Began as a Merfolk Chaos Knight on Oct 12, 2013.
             Was a Plaything of Xom.
             Mangled by an ogre
             ... wielding a +0,+0 giant club
              (22 damage)
             ... on Level 3 of the Dungeon.
             The game lasted 00:07:29 (1748 turns).

Chiseanne the Ducker (Merfolk Chaos Knight)         Turns: 1748, Time: 00:07:30

HP  -6/40        AC  6     Str 13      XL: 5   Next: 31%
MP   6/6         EV 13     Int 11      God: Xom
Gold 116         SH  0     Dex 14      Spells:  0 memorised,  4 levels left

Res.Fire  : . . .   See Invis. : .   a - +0,+1 spear (chaos) {=f}
Res.Cold  : . . .   Warding    : .   b - +2 leather armour
Life Prot.: + . .   Conserve   : .   (no shield)
Res.Poison: .       Res.Corr.  : .   (no helmet)
Res.Elec. : .       Clarity    : .   i - +0 cloak
Sust.Abil.: . .     Spirit.Shd : .   (no gloves)
Res.Mut.  : .       Stasis     : .   (no boots)
Res.Rott. : .       Flight     : .   (no amulet)
Saprovore : . . .                    r - ring of positive energy
                                     n - ring of invisibility

@: slightly resistant to hostile enchantments, unstealthy
A: change form in water, swift swim
a: Renounce Religion, Evoke Invisibility


You were on level 3 of the Dungeon.
You worshipped Xom.
You were a toy of Xom.
You were not hungry.

You visited 1 branch of the dungeon, and saw 3 of its levels.

You collected 96 gold pieces.

Inventory:

Hand weapons
 a - a +0,+1 spear of chaos (weapon) {=f}
Missiles
 e - 18 darts (quivered)
 f - 20 poisoned needles
 k - 8 javelins
Armour
 b - a +2 leather armour (worn)
 i - a +0 cloak (worn)
Magical devices
 p - a wand of slowing (9)
Comestibles
 c - a bread ration
 h - an apricot
 m - a choko
 o - a pear
Scrolls
 j - a scroll of curse armour {unknown}
 q - a scroll of fear {unknown}
 s - a scroll of magic mapping {unknown}
 t - a scroll of random uselessness {unknown}
Jewellery
 n - a ring of invisibility (left hand)
 r - a ring of positive energy (right hand)
Potions
 g - 2 potions of curing


   Skills:
 * Level 4.3 Fighting
 - Level 4.4 Polearms
 * Level 1.2 Armour
 * Level 5.3 Dodging
 * Level 1.4 Evocations


You had 4 spell levels left.
You didn't know any spells.

Dungeon Overview and Level Annotations

Branches:
Dungeon (3/27)

Altars:


Message History

You hit the ogre but do no damage.
The ogre is poisoned.
The ogre is lightly wounded.
The ogre closely misses you.
Your leather armour prevents you from hitting the ogre.
The ogre is lightly wounded.
You hit the ogre.
The ogre seems to speed up.
The ogre is moderately wounded.
The ogre hits you with a giant club!
You hit the ogre.
The ogre is moderately wounded.
The ogre hits you with a giant club!
You completely miss the ogre.
The ogre is heavily wounded.
The ogre looks more healthy.
You hit the ogre. The air around you burns with energy!
The ogre is heavily wounded.
The ogre hits you with a giant club!
Ouch! That really hurt!
You die...
Xom howls with laughter!

############
#..........#
+.......<..#
#......@...#
#......O...#
#..........+
#..........#
###+########


You could see an ogre.

Vanquished Creatures
  Sigmund (D:2)
  3 adders (D:2)
  2 giant geckos (D:2)
  An ooze (D:1)
  7 bats
  2 giant cockroaches
  5 goblins
  4 hobgoblins
  8 jackals (D:2)
  3 kobolds (D:2)
  4 giant newts (D:2)
  A quokka (D:2)
  5 rats
46 creatures vanquished.

Notes
Turn   | Place    | Note
--------------------------------------------------------------
     0 | D:1      | Chiseanne, the Merfolk Chaos Knight, began the quest for the Orb.
     0 | D:1      | Reached XP level 1. HP: 16/16 MP: 1/1
   340 | D:1      | Reached XP level 2. HP: 22/22 MP: 2/2
   637 | D:1      | You fall through a shaft!
   713 | D:2      | Reached XP level 3. HP: 28/28 MP: 3/3
   839 | D:2      | XOM: potion effect (berserk)
   985 | D:2      | XOM: silly message
  1091 | D:2      | Reached skill level 1 in Armour
  1146 | D:2      | Noticed Sigmund
  1160 | D:2      | Killed Sigmund
  1160 | D:2      | Reached skill level 1 in Evocations
  1160 | D:2      | Reached XP level 4. HP: 20/35 MP: 4/4
  1160 | D:2      | Reached XP level 5. HP: 22/40 MP: 6/6
  1162 | D:2      | Reached skill level 5 in Dodging
  1739 | D:3      | Noticed an ogre
  1748 | D:3      | Mangled by an ogre

Action                   |  1- 3 |  4- 6 || total
-------------------------+-------+-------++-------
Melee: Spear             |   155 |    62 ||   217
Throw: Dart              |     1 |       ||     1
Evoke: Wand              |     3 |     1 ||     4
  Use: Potion            |     5 |     1 ||     6
       Scroll            |     6 |     1 ||     7
 Stab: Petrifying        |     1 |       ||     1
       Paralysed         |     3 |     1 ||     4
       Confused          |       |     1 ||     1
